[Event "GER-chT Youth Countries 2020"]
[Site "Berlin"]
[Date "2020.10.02"]
[Round "4"]
[White "Bako, Evelin"]
[Black "Chassard, Cecilia"]
[Result "1-0"]
[ECO "C44"]
[WhiteElo "1192"]
[BlackElo "980"]
[Annotator "NA"]
[PlyCount "139"]
[EventDate "2020.09.30"]
[EventType "team-tourn"]
[EventRounds "7"]
[EventCountry "GER"]
[SourceTitle "playchess.com"]
[Source "ChessBase"]
[SourceQuality "1"]
[TimeControl "30/5400+30:0"]

1. e4 e5 2. Nf3 Nc6 3. c3 Nf6 4. d4 d6 5. Bb5 Bg4 6. d5 a6 7. Bxc6+ bxc6 8. Bg5 Be7 9. Bxf6 Bxf6 10. dxc6 O-O 11. O-O Qe8 12. h3 Bh5 13. g4 Bg6 14. Qd5 Qe6 15. Nbd2 Rab8 16. b3 Rb5 17. Qd3 Rb6 18. Qd5 Rb5 19. Qd3 Rb6 20. Nc4 Rxc6 21. Rfe1 d5 22. Qxd5 Re8 23. Qxe6 Rexe6 24. g5 Be7 25. Nfxe5 Rc5 26. Nxg6 Rxg6 27. h4 f6 28. f4 fxg5 29. hxg5 h6 30. Ne5 Re6 31. gxh6 gxh6 32. Nc4 Rg6+ 33. Kf1 Bh4 34. Re2 Rh5 35. Rg2 Bg3 36. Ke2 Kh7 37. Rag1 Rh2 38. Rxh2 Bxh2 39. Rxg6 Kxg6 40. f5+ Kf6 41. Kf3 c5 42. Kg4 Bc7 43. Kh5 Bf4 44. Kg4 Bc1 45. e5+ Kf7 46. Nd6+ Ke7 47. Nb7 Be3 48. Nd6 Bd2 49. c4 Bc3 50. Ne4 Bxe5 51. Nxc5 a5 52. Ne4 Kf7 53. c5 Ke7 54. c6 Bc7 55. Kh5 Ke8 56. Kxh6 Ke7 57. Kg7 Ke8 58. f6 Bd8 59. f7+ Ke7 60. f8=Q+ Ke6 61. Qxd8 Ke5 62. Qe7+ Kf5 63. Nd2 Kg4 64. Qf6 Kg3 65. Qf3+ Kh2 66. Kh6 Kg1 67. Kg5 Kh2 68. Kg4 Kg1 69. Kg3 a4 70. Qg2# 1-0

[Event "GER-chT Youth Countries 2020"]
[Site "Berlin"]
[Date "2020.10.02"]
[Round "4"]
[White "Zimmer, Tim"]
[Black "Schiewe, Nadin"]
[Result "0-1"]
[ECO "B01"]
[WhiteElo "1025"]
[BlackElo "1660"]
[Annotator "NA"]
[PlyCount "92"]
[EventDate "2020.09.30"]
[EventType "team-tourn"]
[EventRounds "7"]
[EventCountry "GER"]
[SourceTitle "playchess.com"]
[Source "ChessBase"]
[SourceQuality "1"]
[TimeControl "30/5400+30:0"]

1. e4 d5 2. exd5 Qxd5 3. Nc3 Qa5 4. Bc4 Nf6 5. d3 c6 6. Bd2 Qc7 7. Qe2 Bf5 8. O-O-O Nbd7 9. Nf3 e6 10. Nh4 Bg6 11. Nxg6 hxg6 12. Rde1 O-O-O 13. Be3 a5 14. a4 Bb4 15. f3 Rxh2 16. Rxh2 Qxh2 17. Qf2 Rh8 18. Bd2 Bd6 19. Qe2 Qg3 20. Be3 Bb4 21. Qd2 Nd5 22. Bxd5 cxd5 23. Bf4 Qh4 24. Bg5 Qh5 25. Be3 e5 26. d4 e4 27. fxe4 dxe4 28. d5 Nf6 29. Qd4 Rd8 30. Bf4 Bd6 31. Bxd6 Rxd6 32. Nxe4 Nxe4 33. Qxe4 Qxd5 34. Qe8+ Rd8 35. Qe2 Qa2 36. c3 Qa1+ 37. Kc2 Qxa4+ 38. Kc1 Qf4+ 39. Kb1 Rd2 40. Qe8+ Kc7 41. Qe7+ Kb6 42. Re4 Qf1+ 43. Ka2 Qxg2 44. Ka3 Qf1 45. Re1 Qb5 46. Qe3+ Qc5+ 0-1

[Event "GER-chT Youth Countries 2020"]
[Site "Berlin"]
[Date "2020.10.02"]
[Round "4"]
[White "Heuberger, Sandra"]
[Black "Marrufo, Emilia"]
[Result "1-0"]
[ECO "D31"]
[WhiteElo "1004"]
[BlackElo "796"]
[Annotator "NA"]
[PlyCount "87"]
[EventDate "2020.09.30"]
[EventType "team-tourn"]
[EventRounds "7"]
[EventCountry "GER"]
[SourceTitle "playchess.com"]
[Source "ChessBase"]
[SourceQuality "1"]
[TimeControl "30/5400+30:0"]

1. d4 d5 2. c4 e6 3. Nc3 c6 4. Nf3 dxc4 5. e4 b5 6. Be2 Nf6 7. Bg5 Nbd7 8. O-O Bd6 9. e5 h6 10. Bxf6 Nxf6 11. exd6 Qxd6 12. Re1 O-O 13. Ne5 Nd7 14. Bf3 Bb7 15. Rc1 Nb8 16. Qd2 Qe7 17. Ne4 Rd8 18. Ng3 Rd6 19. Ne4 Rd5 20. Qe3 Na6 21. Ng3 Rd6 22. Rcd1 Rad8 23. Be4 c5 24. Bxb7 Qxb7 25. Ne4 Rxd4 26. Rxd4 Rxd4 27. Nxc5 Qd5 28. Nxa6 Rd1 29. Nf3 Rd3 30. Qxa7 Qd8 31. Nb4 Rd7 32. Qe3 Qa5 33. a3 Qd8 34. Nc6 Qc8 35. Nce5 Rd5 36. Qf4 f6 37. Ng6 Rg5 38. Ne7+ Kf8 39. Nxc8 e5 40. Qe4 h5 41. Nxg5 fxg5 42. Qf5+ Kg8 43. Rxe5 Kh8 44. Re8# 1-0

[Event "GER-chT Youth Countries 2020"]
[Site "Berlin"]
[Date "2020.10.02"]
[Round "5"]
[White "Vogel, Roven"]
[Black "Arndt, Magnus"]
[Result "1/2-1/2"]
[ECO "E10"]
[WhiteElo "2456"]
[BlackElo "2298"]
[Annotator "ChessBase"]
[PlyCount "48"]
[EventDate "2020.09.30"]
[EventType "team-tourn"]
[EventRounds "7"]
[EventCountry "GER"]
[SourceTitle "playchess.com"]
[Source "ChessBase"]
[SourceQuality "1"]
[TimeControl "30/5400+30:0"]

1. d4 Nf6 2. c4 e6 3. Nf3 a6 4. Nc3 d5 5. cxd5 exd5 6. Bg5 Be6 7. e3 Nbd7 8. Bd3 Bd6 9. O-O O-O 10. e4 dxe4 11. Bxe4 Qb8 12. Bc2 c6 13. h3 Re8 14. Bxf6 Nxf6 15. Ng5 Bh2+ 16. Kh1 Bf4 17. Nxe6 Rxe6 18. Bb3 Re7 19. Qf3 Qc7 20. g3 Bh6 21. Rad1 Rae8 22. d5 cxd5 23. Nxd5 Nxd5 24. Rxd5 g6 1/2-1/2

[Event "GER-chT Youth Countries 2020"]
[Site "Berlin"]
[Date "2020.10.02"]
[Round "5"]
[White "Roseneck, Jonas"]
[Black "Pubantz, Jan"]
[Result "1-0"]
[ECO "B12"]
[WhiteElo "2417"]
[BlackElo "2295"]
[Annotator "ChessBase"]
[PlyCount "56"]
[EventDate "2020.09.30"]
[EventType "team-tourn"]
[EventRounds "7"]
[EventCountry "GER"]
[SourceTitle "playchess.com"]
[Source "ChessBase"]
[SourceQuality "1"]
[TimeControl "30/5400+30:0"]

1. e4 c6 2. d4 d5 3. e5 Bf5 4. h4 Qc7 5. c4 e6 6. Nc3 h6 7. Nge2 Ne7 8. Ng3 Bh7 9. b3 Nd7 10. Bd3 Bxd3 11. Qxd3 dxc4 12. bxc4 Rd8 13. Qe2 Ng6 14. Nce4 Bb4+ 15. Kf1 c5 16. h5 cxd4 17. Nd6+ Bxd6 18. exd6 Qxd6 19. hxg6 O-O 20. Ne4 Qe5 21. Ba3 d3 22. Qe1 f5 23. Bxf8 Nxf8 24. Nd2 Qd6 25. Rb1 b6 26. Rh3 Nxg6 27. Rb3 Nf4 28. Rf3 a5 1-0

[Event "GER-chT Youth Countries 2020"]
[Site "Berlin"]
[Date "2020.10.02"]
[Round "5"]
[White "Nothnagel, Marian Can"]
[Black "Muckle, Julius"]
[Result "1-0"]
[ECO "C00"]
[WhiteElo "2355"]
[BlackElo "2427"]
[Annotator "ChessBase"]
[PlyCount "74"]
[EventDate "2020.09.30"]
[EventType "team-tourn"]
[EventRounds "7"]
[EventCountry "GER"]
[SourceTitle "playchess.com"]
[Source "ChessBase"]
[SourceQuality "1"]
[TimeControl "30/5400+30:0"]

1. e4 e6 2. d3 d5 3. Nd2 c5 4. Ngf3 Nc6 5. g3 g6 6. Bg2 Bg7 7. O-O Nge7 8. Re1 O-O 9. c3 b5 10. e5 Qc7 11. Qe2 b4 12. Nb3 c4 13. dxc4 Ba6 14. Bf4 bxc3 15. bxc3 Na5 16. Nfd4 Rac8 17. Qg4 Nxc4 18. Bf1 Qb6 19. Qe2 Nc6 20. Nxc6 Rxc6 21. Nd4 Rc7 22. h4 Qa5 23. Rac1 Rb8 24. Nb3 Qa3 25. h5 Rb6 26. hxg6 hxg6 27. Qg4 Nb2 28. Be3 Rb8 29. Bc5 Rxc5 30. Nxc5 Bxf1 31. Nxe6 Bd3 32. Ng5 Bf5 33. Qh4 Rb6 34. e6 fxe6 35. g4 Qa4 36. c4 Nd3 37. gxf5 Nxe1 1-0

[Event "GER-chT Youth Countries 2020"]
[Site "Berlin"]
[Date "2020.10.02"]
[Round "5"]
[White "Faerber, David"]
[Black "Richter, Nils"]
[Result "1/2-1/2"]
[ECO "B11"]
[WhiteElo "2321"]
[BlackElo "2307"]
[Annotator "ChessBase"]
[PlyCount "40"]
[EventDate "2020.09.30"]
[EventType "team-tourn"]
[EventRounds "7"]
[EventCountry "GER"]
[SourceTitle "playchess.com"]
[Source "ChessBase"]
[SourceQuality "1"]
[TimeControl "30/5400+30:0"]

1. e4 c6 2. Nf3 d5 3. Nc3 Bg4 4. h3 Bxf3 5. Qxf3 e6 6. Be2 Nd7 7. O-O Ngf6 8. d4 dxe4 9. Nxe4 Be7 10. c4 Nxe4 11. Qxe4 Nf6 12. Qe3 O-O 13. b3 Qa5 14. a4 Nd7 15. Rd1 Bf6 16. Bb2 c5 17. Bc3 cxd4 18. Bxd4 Rad8 19. Bxf6 Nxf6 20. Bf3 b6 1/2-1/2

[Event "GER-chT Youth Countries 2020"]
[Site "Berlin"]
[Date "2020.10.02"]
[Round "5"]
[White "Mueller, Maximilian"]
[Black "Bildat, Emilia"]
[Result "0-1"]
[ECO "B27"]
[WhiteElo "2303"]
[BlackElo "1704"]
[Annotator "ChessBase"]
[PlyCount "86"]
[EventDate "2020.09.30"]
[EventType "team-tourn"]
[EventRounds "7"]
[EventCountry "GER"]
[SourceTitle "playchess.com"]
[Source "ChessBase"]
[SourceQuality "1"]
[TimeControl "30/5400+30:0"]

1. e4 c5 2. Nf3 g6 3. d4 cxd4 4. Qxd4 Nf6 5. Nc3 Nc6 6. Qa4 d6 7. e5 dxe5 8. Nxe5 Bg7 9. Bb5 O-O 10. Nxc6 bxc6 11. Bxc6 Bd7 12. Bxd7 Qxd7 13. Qxd7 Nxd7 14. Bd2 Nb6 15. O-O-O Nc4 16. Na4 Rab8 17. b3 Rfc8 18. Bf4 Rb7 19. bxc4 Rb4 20. Nc5 Bb2+ 21. Kd2 Rxc5 22. Bh6 Rbxc4 23. Ke1 Rc8 24. Kf1 Rxc2 25. g3 Bg7 26. Bxg7 Kxg7 27. Kg2 Rxa2 28. Ra1 Rcc2 29. Rxa2 Rxa2 30. Rc1 a5 31. Rc7 e6 32. Ra7 a4 33. Kf3 a3 34. h4 Ra1 35. Kg4 a2 36. Kf3 Kf6 37. Kf4 e5+ 38. Kg4 h5+ 39. Kf3 e4+ 40. Kf4 e3 41. Ra6+ Kg7 42. Kf3 exf2 43. Kxf2 Rh1 0-1

[Event "GER-chT Youth Countries 2020"]
[Site "Berlin"]
[Date "2020.10.02"]
[Round "5"]
[White "Koelle, Tobias"]
[Black "Schmider, Niklas"]
[Result "1-0"]
[ECO "D70"]
[WhiteElo "2275"]
[BlackElo "2291"]
[Annotator "ChessBase"]
[PlyCount "67"]
[EventDate "2020.09.30"]
[EventType "team-tourn"]
[EventRounds "7"]
[EventCountry "GER"]
[SourceTitle "playchess.com"]
[Source "ChessBase"]
[SourceQuality "1"]
[TimeControl "30/5400+30:0"]

1. d4 Nf6 2. c4 g6 3. f3 d5 4. cxd5 Nxd5 5. e4 Nb6 6. Nc3 Bg7 7. Be3 O-O 8. Qd2 Nc6 9. O-O-O Qd6 10. Nb5 Qd7 11. Kb1 Rd8 12. d5 a6 13. Nc3 Qe8 14. Qc1 Na5 15. Bf4 Rd7 16. h4 e6 17. h5 exd5 18. Bh6 Bh8 19. exd5 Nac4 20. Bxc4 Nxc4 21. Nge2 Re7 22. Nd4 Ne3 23. hxg6 fxg6 24. Bxe3 Rxe3 25. Ne6 Rxc3 26. bxc3 Qb5+ 27. Qb2 Bxc3 28. Qxb5 axb5 29. g4 Be5 30. Rhe1 Bd6 31. Nxc7 Bxc7 32. d6 Bb6 33. d7 Kf7 34. dxc8=Q 1-0

[Event "GER-chT Youth Countries 2020"]
[Site "Berlin"]
[Date "2020.10.02"]
[Round "5"]
[White "Schneider, Jana"]
[Black "Kuznecovs, Nikita"]
[Result "1-0"]
[ECO "C02"]
[WhiteElo "2270"]
[BlackElo "2276"]
[Annotator "ChessBase"]
[PlyCount "113"]
[EventDate "2020.09.30"]
[EventType "team-tourn"]
[EventRounds "7"]
[EventCountry "GER"]
[SourceTitle "playchess.com"]
[Source "ChessBase"]
[SourceQuality "1"]
[TimeControl "30/5400+30:0"]

1. e4 e6 2. d4 d5 3. e5 c5 4. c3 Nc6 5. Nf3 Qb6 6. a3 c4 7. Nbd2 Na5 8. Be2 Bd7 9. O-O Be7 10. a4 f5 11. Ne1 Nh6 12. b3 cxb3 13. Ba3 Bxa3 14. Rxa3 Rc8 15. Nb1 Nc4 16. Ra1 O-O 17. Nd3 f4 18. Nd2 Na5 19. Nc5 Rxc5 20. dxc5 Qc7 21. Bb5 Bc8 22. Nxb3 Nxb3 23. Qxb3 f3 24. g3 Qxe5 25. Rfe1 Qh5 26. Bf1 Ng4 27. h3 Nf6 28. Qb4 e5 29. Qh4 Qxh4 30. gxh4 e4 31. Rad1 Kf7 32. c4 dxc4 33. Bxc4+ Be6 34. Bxe6+ Kxe6 35. Rb1 Rf7 36. Rb3 Kd5 37. Reb1 Kc6 38. Kh2 Nd5 39. Kg3 h5 40. Kh2 Nf4 41. Re3 Re7 42. Rb4 Kd5 43. Reb3 Re6 44. Rb1 Nd3 45. Rxb7 Nxf2 46. Rd7+ Kxc5 47. Rc1+ Kb6 48. a5+ Ka6 49. Rcc7 e3 50. Rxa7+ Kb5 51. Rab7+ Kxa5 52. Ra7+ Kb6 53. Rab7+ Kc5 54. Rbc7+ Rc6 55. Kg3 Ng4 56. hxg4 g5 57. Kxf3 1-0

[Event "GER-chT Youth Countries 2020"]
[Site "Berlin"]
[Date "2020.10.02"]
[Round "5"]
[White "Dahl, Christoph"]
[Black "Khachatryan, Taron"]
[Result "1/2-1/2"]
[ECO "B97"]
[WhiteElo "2262"]
[BlackElo "2136"]
[Annotator "ChessBase"]
[PlyCount "75"]
[EventDate "2020.09.30"]
[EventType "team-tourn"]
[EventRounds "7"]
[EventCountry "GER"]
[SourceTitle "playchess.com"]
[Source "ChessBase"]
[SourceQuality "1"]
[TimeControl "30/5400+30:0"]

1. e4 c5 2. Nf3 d6 3. d4 cxd4 4. Nxd4 Nf6 5. Nc3 a6 6. Bg5 e6 7. f4 Qb6 8. Qd3 Qxb2 9. Rb1 Qa3 10. f5 Be7 11. Be2 Qa5 12. Bd2 Qc7 13. fxe6 fxe6 14. O-O Nc6 15. Nxc6 Qxc6 16. Bf3 O-O 17. e5 Qc5+ 18. Be3 Qxe5 19. Bd4 Qa5 20. Bxb7 Rb8 21. Bc6 Rxb1 22. Rxb1 d5 23. h3 Qc7 24. Ba4 Bc5 25. Qe3 Bxd4 26. Qxd4 Bd7 27. Bxd7 Nxd7 28. Re1 Rc8 29. Ne2 Qc5 30. Qxc5 Nxc5 31. Nd4 Kf7 32. Rb1 Rc7 33. Rb6 Kf6 34. Kf2 Ne4+ 35. Kg1 Nc5 36. Kf2 a5 37. Ke3 a4 38. Kf3 1/2-1/2

[Event "GER-chT Youth Countries 2020"]
[Site "Berlin"]
[Date "2020.10.02"]
[Round "5"]
[White "Niermann, Tristan"]
[Black "Ermitsch, Magnus"]
[Result "1-0"]
[ECO "E06"]
[WhiteElo "2262"]
[BlackElo "2025"]
[Annotator "ChessBase"]
[PlyCount "51"]
[EventDate "2020.09.30"]
[EventType "team-tourn"]
[EventRounds "7"]
[EventCountry "GER"]
[SourceTitle "playchess.com"]
[Source "ChessBase"]
[SourceQuality "1"]
[TimeControl "30/5400+30:0"]

1. d4 Nf6 2. c4 e6 3. g3 d5 4. Nf3 Be7 5. Bg2 O-O 6. O-O dxc4 7. Qc2 a6 8. a4 Nbd7 9. Nbd2 Nb6 10. a5 Nbd5 11. Nxc4 b5 12. axb6 cxb6 13. Nfe5 Bb7 14. Qb3 Rb8 15. Bd2 a5 16. Nd3 Bc6 17. Rfc1 a4 18. Qd1 b5 19. Ba5 Qe8 20. Nce5 Ba8 21. Nc5 Bd8 22. Be1 Bb6 23. b3 axb3 24. Qxb3 Bxc5 25. dxc5 Nd7 26. Nd3 1-0

[Event "GER-chT Youth Countries 2020"]
[Site "Berlin"]
[Date "2020.10.02"]
[Round "5"]
[White "Costa, Leonardo"]
[Black "Schubert, Nikita"]
[Result "1-0"]
[ECO "C54"]
[WhiteElo "2245"]
[BlackElo "1946"]
[Annotator "ChessBase"]
[PlyCount "61"]
[EventDate "2020.09.30"]
[EventType "team-tourn"]
[EventRounds "7"]
[EventCountry "GER"]
[SourceTitle "playchess.com"]
[Source "ChessBase"]
[SourceQuality "1"]
[TimeControl "30/5400+30:0"]

1. e4 e5 2. Nf3 Nc6 3. Bc4 Bc5 4. c3 Nf6 5. d3 O-O 6. O-O d5 7. exd5 Nxd5 8. Re1 Bg4 9. h3 Bh5 10. Nbd2 Nb6 11. Bb5 Bd6 12. Bxc6 bxc6 13. Ne4 f6 14. Ng3 Bf7 15. Nh4 Nd5 16. Nhf5 Bg6 17. Qg4 Qc8 18. Bd2 Rb8 19. b3 Kh8 20. Rad1 Ne7 21. Nxe7 Bxe7 22. Qf3 Qa6 23. Be3 Qxa2 24. Qxc6 Qxb3 25. Qxc7 Rb7 26. Qc6 f5 27. Bd2 Bf6 28. Qc5 Rd8 29. d4 exd4 30. cxd4 Rbd7 31. Ba5 1-0

[Event "GER-chT Youth Countries 2020"]
[Site "Berlin"]
[Date "2020.10.02"]
[Round "5"]
[White "Hesse, Henrik"]
[Black "Krastev, Alexander"]
[Result "1/2-1/2"]
[ECO "A30"]
[WhiteElo "2242"]
[BlackElo "2340"]
[Annotator "ChessBase"]
[PlyCount "113"]
[EventDate "2020.09.30"]
[EventType "team-tourn"]
[EventRounds "7"]
[EventCountry "GER"]
[SourceTitle "playchess.com"]
[Source "ChessBase"]
[SourceQuality "1"]
[TimeControl "30/5400+30:0"]

1. c4 c5 2. Nf3 g6 3. d4 Bg7 4. e4 Nc6 5. dxc5 Qa5+ 6. Bd2 Qxc5 7. Nc3 Nf6 8. Be2 O-O 9. O-O Nd4 10. Nxd4 Qxd4 11. Be3 Qxd1 12. Rfxd1 d6 13. c5 Ng4 14. Bxg4 Bxg4 15. f3 Be6 16. cxd6 exd6 17. Rxd6 Rfc8 18. Rd3 Bxc3 19. bxc3 Kf8 20. Bg5 Kg7 21. e5 h6 22. Bf6+ Kh7 23. g4 Rc4 24. h4 Rac8 25. Rc1 b5 26. a3 a5 27. Rb1 Ra4 28. Rxb5 Rxa3 29. Kf2 h5 30. g5 a4 31. Ra5 Ra2+ 32. Kg3 Ra1 33. c4 a3 34. Rdxa3 Rxa3 35. Rxa3 Rxc4 36. Ra8 Rc8 37. Ra7 Kg8 38. Be7 Rc4 39. Bf6 Rc8 40. Kf4 Rc4+ 41. Ke3 Rc8 42. Be7 Rc3+ 43. Kd4 Rc4+ 44. Kd3 Rc8 45. Bd6 Rc4 46. Be7 Rc8 47. f4 Rc6 48. Ra5 Rc1 49. Bc5 Kh7 50. Be7 Kg8 51. Kd2 Rc4 52. Rb5 Kh7 53. Rb8 Rc8 54. Rb7 Rc4 55. Bf6 Kg8 56. Rb8+ Rc8 57. Rxc8+ 1/2-1/2

[Event "GER-chT Youth Countries 2020"]
[Site "Berlin"]
[Date "2020.10.02"]
[Round "5"]
[White "Maetzkow, Maximilian Paul"]
[Black "Runte, Moritz"]
[Result "1/2-1/2"]
[ECO "B27"]
[WhiteElo "2242"]
[BlackElo "2114"]
[Annotator "ChessBase"]
[PlyCount "52"]
[EventDate "2020.09.30"]
[EventType "team-tourn"]
[EventRounds "7"]
[EventCountry "GER"]
[SourceTitle "playchess.com"]
[Source "ChessBase"]
[SourceQuality "1"]
[TimeControl "30/5400+30:0"]

1. e4 c5 2. Nf3 g6 3. g3 Bg7 4. Bg2 Nc6 5. O-O d6 6. c3 e5 7. Na3 Nge7 8. Nc2 f5 9. exf5 Bxf5 10. d3 Qd7 11. Ne3 Bh3 12. Bxh3 Qxh3 13. Ng5 Qd7 14. Qg4 Qxg4 15. Nxg4 Kd7 16. f4 h5 17. Nf2 Rhf8 18. Bd2 b6 19. Rae1 Bh6 20. Kg2 Nf5 21. Nfh3 Rae8 22. Nh7 Rf7 23. N3g5 Bxg5 24. Nxg5 Rfe7 25. Ne4 Re6 26. Ng5 R6e7 1/2-1/2

[Event "GER-chT Youth Countries 2020"]
[Site "Berlin"]
[Date "2020.10.02"]
[Round "5"]
[White "Weishaeutel, Moritz"]
[Black "Goldbeck, Lars"]
[Result "1/2-1/2"]
[ECO "B13"]
[WhiteElo "2222"]
[BlackElo "2273"]
[Annotator "ChessBase"]
[PlyCount "79"]
[EventDate "2020.09.30"]
[EventType "team-tourn"]
[EventRounds "7"]
[EventCountry "GER"]
[SourceTitle "playchess.com"]
[Source "ChessBase"]
[SourceQuality "1"]
[TimeControl "30/5400+30:0"]

1. e4 c6 2. d4 d5 3. exd5 cxd5 4. Bd3 Nf6 5. c3 Qc7 6. h3 Nc6 7. Nf3 g6 8. Qc2 Nh5 9. O-O Nf4 10. Bb5 Bg7 11. Re1 O-O 12. Be3 a6 13. Bf1 Bf5 14. Qd2 Ne6 15. Qc1 Bxb1 16. Rxb1 b5 17. g3 Bf6 18. Nh2 h5 19. g4 hxg4 20. hxg4 Kh7 21. Nf3 Na5 22. Bd3 Nc4 23. Bh6 Qd6 24. Bxf8 Rxf8 25. Bxc4 dxc4 26. Qe3 g5 27. Ne5 Nf4 28. b3 Qe6 29. f3 Kg7 30. bxc4 bxc4 31. Rb2 Rh8 32. Rh2 Rxh2 33. Kxh2 Qc8 34. Rh1 Qb8 35. Qd2 Bxe5 36. dxe5 Ne6 37. Qe2 Nf4 38. Qd2 Ne6 39. Qe2 Nf4 40. Qd2 1/2-1/2

[Event "GER-chT Youth Countries 2020"]
[Site "Berlin"]
[Date "2020.10.02"]
[Round "5"]
[White "Knuedel, Torben"]
[Black "Pallas, Sebastian"]
[Result "1/2-1/2"]
[ECO "B95"]
[WhiteElo "2211"]
[BlackElo "2315"]
[Annotator "ChessBase"]
[PlyCount "79"]
[EventDate "2020.09.30"]
[EventType "team-tourn"]
[EventRounds "7"]
[EventCountry "GER"]
[SourceTitle "playchess.com"]
[Source "ChessBase"]
[SourceQuality "1"]
[TimeControl "30/5400+30:0"]

1. e4 c5 2. Nf3 d6 3. d4 cxd4 4. Nxd4 Nf6 5. Nc3 a6 6. Bg5 e6 7. Qf3 Nbd7 8. O-O-O Qc7 9. Qg3 Be7 10. Be2 b5 11. Bxb5 axb5 12. Ndxb5 Qb8 13. Nxd6+ Bxd6 14. Qxd6 Qxd6 15. Rxd6 Ra5 16. Bxf6 gxf6 17. Rhd1 Ra6 18. R6d4 Rg8 19. g3 Rg5 20. b4 Ke7 21. a4 Rc6 22. Nb5 Nb6 23. Na7 Rc7 24. Nb5 Rc6 25. h4 Rh5 26. g4 Rxb5 27. axb5 Rc7 28. g5 fxg5 29. hxg5 Bd7 30. Rh1 e5 31. Rdd1 Nc4 32. Rxh7 Ra7 33. Rxd7+ Rxd7 34. g6 Kf8 35. Rxf7+ Rxf7 36. gxf7 Kxf7 37. c3 Ke6 38. Kc2 Na3+ 39. Kd3 Nxb5 40. c4 1/2-1/2

[Event "GER-chT Youth Countries 2020"]
[Site "Berlin"]
[Date "2020.10.02"]
[Round "5"]
[White "Colbow, Collin"]
[Black "Chassard, Cedric"]
[Result "1-0"]
[ECO "C77"]
[WhiteElo "2210"]
[BlackElo "1916"]
[Annotator "ChessBase"]
[PlyCount "64"]
[EventDate "2020.09.30"]
[EventType "team-tourn"]
[EventRounds "7"]
[EventCountry "GER"]
[SourceTitle "playchess.com"]
[Source "ChessBase"]
[SourceQuality "1"]
[TimeControl "30/5400+30:0"]

1. e4 e5 2. Nf3 Nc6 3. Bb5 a6 4. Ba4 Nf6 5. Nc3 Be7 6. d3 b5 7. Bb3 d6 8. a3 Na5 9. Ba2 c5 10. b4 cxb4 11. axb4 Nc6 12. Nd5 Nxd5 13. Bxd5 Qc7 14. c4 Bb7 15. Qb3 O-O 16. O-O Bf6 17. Be3 Ne7 18. Rfc1 bxc4 19. Bxc4 Qd7 20. Ra4 d5 21. exd5 Bxd5 22. Nd2 Rfc8 23. Ne4 Be6 24. Nc5 Bxc4 25. dxc4 Qc6 26. b5 axb5 27. cxb5 Qd5 28. Rxa8 Rxa8 29. b6 Qxb3 30. Nxb3 Rb8 31. Na5 Kf8 32. b7 Ra8 1-0

[Event "GER-chT Youth Countries 2020"]
[Site "Berlin"]
[Date "2020.10.02"]
[Round "5"]
[White "Haack, Kevin"]
[Black "Musiolik, David"]
[Result "1/2-1/2"]
[ECO "A20"]
[WhiteElo "2209"]
[BlackElo "2198"]
[Annotator "ChessBase"]
[PlyCount "150"]
[EventDate "2020.09.30"]
[EventType "team-tourn"]
[EventRounds "7"]
[EventCountry "GER"]
[SourceTitle "playchess.com"]
[Source "ChessBase"]
[SourceQuality "1"]
[TimeControl "30/5400+30:0"]

1. c4 e5 2. g3 Nf6 3. Bg2 d5 4. cxd5 Nxd5 5. Nf3 Nc6 6. O-O Be7 7. d4 e4 8. Ne5 e3 9. Nxc6 exf2+ 10. Rxf2 bxc6 11. Qc2 Qd7 12. e4 Nf6 13. e5 Nd5 14. Bh3 Qxh3 15. Qxc6+ Qd7 16. Qxa8 c6 17. Qb8 Nb6 18. Be3 O-O 19. e6 Qxe6 20. Qe5 Qd7 21. Nc3 Nc4 22. Qf4 Bb7 23. b3 Nxe3 24. Qxe3 c5 25. d5 Bf6 26. Rxf6 gxf6 27. Ne4 Qe7 28. Rf1 Kg7 29. Rxf6 Qe5 30. Qh6+ Kg8 31. Rf5 Qd4+ 32. Nf2 f6 33. Qh5 Rd8 34. Qg4+ Kf7 35. Qh5+ Kg7 36. Qg4+ Qxg4 37. Nxg4 Bc8 38. Rf4 Rxd5 39. Ne3 Rd3 40. Nf5+ Kf8 41. g4 Rd1+ 42. Kg2 Rd2+ 43. Kg3 Rxa2 44. Nd6 Be6 45. Ne4 Ke7 46. Nxc5 Bf7 47. h4 h6 48. Kf3 Rc2 49. b4 a5 50. Na4 Bd5+ 51. Kg3 axb4 52. Rxb4 Kf8 53. Rb2 Rc4 54. Nb6 Rc3+ 55. Kh2 Be6 56. Rg2 Rb3 57. Na4 Rb4 58. Nc3 Rxg4 59. Rxg4 Bxg4 60. Kg3 Bd7 61. Kf4 Kf7 62. Ne4 Kg6 63. Ng3 Be6 64. Ne2 Bc4 65. Ng1 Kh5 66. Kg3 Bf1 67. Kf2 Bc4 68. Kg3 Bb5 69. Nh3 Kg6 70. Nf4+ Kf5 71. Nh5 Ba4 72. Nf4 Bd1 73. Ng2 Ke4 74. Nf4 f5 75. Nh3 Be2 1/2-1/2

[Event "GER-chT Youth Countries 2020"]
[Site "Berlin"]
[Date "2020.10.02"]
[Round "5"]
[White "Post, Hugo"]
[Black "Stelmaszyk, Nico"]
[Result "0-1"]
[ECO "B45"]
[WhiteElo "2209"]
[BlackElo "2301"]
[Annotator "ChessBase"]
[PlyCount "32"]
[EventDate "2020.09.30"]
[EventType "team-tourn"]
[EventRounds "7"]
[EventCountry "GER"]
[SourceTitle "playchess.com"]
[Source "ChessBase"]
[SourceQuality "1"]
[TimeControl "30/5400+30:0"]

1. e4 c5 2. Nf3 e6 3. d4 cxd4 4. Nxd4 Nc6 5. Nc3 Nf6 6. Nxc6 bxc6 7. e5 Nd5 8. Ne4 Bb7 9. c4 Nb4 10. a3 Qa5 11. axb4 Qxa1 12. c5 Ba6 13. Bxa6 Qxa6 14. Bg5 h6 15. Bd2 Qd3 16. Nc3 a5 0-1

[Event "GER-chT Youth Countries 2020"]
[Site "Berlin"]
[Date "2020.10.02"]
[Round "5"]
[White "Fromm, Marius"]
[Black "Matthes, Aaron"]
[Result "1-0"]
[ECO "C50"]
[WhiteElo "2190"]
[BlackElo "2198"]
[Annotator "ChessBase"]
[PlyCount "57"]
[EventDate "2020.09.30"]
[EventType "team-tourn"]
[EventRounds "7"]
[EventCountry "GER"]
[SourceTitle "playchess.com"]
[Source "ChessBase"]
[SourceQuality "1"]
[TimeControl "30/5400+30:0"]

1. e4 e5 2. Nf3 Nc6 3. Bc4 Nf6 4. d3 Bc5 5. O-O a6 6. c3 d6 7. a4 Ba7 8. Re1 O-O 9. h3 h6 10. Nbd2 Re8 11. Nf1 Be6 12. Bxe6 Rxe6 13. Be3 Bxe3 14. Nxe3 d5 15. Qc2 Qd7 16. b4 Ne7 17. exd5 Nfxd5 18. Nc4 f6 19. d4 exd4 20. Rxe6 Qxe6 21. Nxd4 Qf7 22. Na5 b6 23. Nab3 Ng6 24. a5 Ngf4 25. c4 Nxb4 26. Qe4 Re8 27. Qxf4 Qxc4 28. Rc1 Nd5 29. Qf3 1-0

[Event "GER-chT Youth Countries 2020"]
[Site "Berlin"]
[Date "2020.10.02"]
[Round "5"]
[White "Milare, Tyron"]
[Black "Lange, Jannis"]
[Result "0-1"]
[ECO "D85"]
[WhiteElo "2176"]
[BlackElo "2126"]
[Annotator "ChessBase"]
[PlyCount "84"]
[EventDate "2020.09.30"]
[EventType "team-tourn"]
[EventRounds "7"]
[EventCountry "GER"]
[SourceTitle "playchess.com"]
[Source "ChessBase"]
[SourceQuality "1"]
[TimeControl "30/5400+30:0"]

1. d4 Nf6 2. Nf3 g6 3. c4 Bg7 4. Nc3 d5 5. cxd5 Nxd5 6. e4 Nxc3 7. bxc3 c5 8. Be3 Qa5 9. Qd2 O-O 10. Rc1 Rd8 11. d5 Nc6 12. Bd3 Bg4 13. c4 Nb4 14. O-O Bxf3 15. gxf3 Qxa2 16. Qxa2 Nxa2 17. Rb1 b6 18. Bd2 Rab8 19. Bf4 Nb4 20. Bxb8 Rxb8 21. Rxb4 cxb4 22. Bc2 Be5 23. Kg2 Rc8 24. Bb3 Rc5 25. f4 Bxf4 26. Ra1 a5 27. h3 Kg7 28. Kf3 Be5 29. Ra2 Kf6 30. Ke3 g5 31. Kd3 b5 32. Rc2 a4 33. cxb5 Rxc2 34. Bxc2 b3 35. Bd1 Bc7 36. Kc4 b2 37. Bc2 a3 38. Bb1 Ke5 39. Kc5 h5 40. b6 Bd6+ 41. Kb5 g4 42. hxg4 h4 0-1